Map: New Repugnancy LE

Players

Harstem - Winner!

  • Race: Protoss Protoss
  • Spawn Location: 1:00

TLO

  • Race: Zerg Zerg
  • Spawn Location: 7:00

Event: 2019 WCS Spring

VOD

Have the link to the VOD?

Description

Time

  • Played on: May 17, 2019, 2:07 p.m.
  • Length: 8:15

All games in this series

Show
View Real Time Build Order
Export as new Build Order

Harstem Protoss - Winner!

Build Orders: 1 Gate Expand, Mass Adepts 

Get SALT Encoding   

  12  0:00  Probe  
  13  0:13  Probe  
  14  0:19  Pylon  
  14  0:25  Probe  
  15  0:36  Probe  
  15  0:37  Gateway  
  16  0:44  Probe  
  17  0:50  Assimilator  
  17  0:54  Probe  
  18  1:06  Probe  
  19  1:18  Probe  
  19  1:24  Cybernetics Core  
  20  1:36  Nexus  
  20  1:43  Pylon  
  20  1:46  Probe  
  21  1:52  Adept  
  21  1:54  Assimilator  
  21  1:58  Probe  
  22  2:04  Warp Gate  
  24  2:13  Adept  
  24  2:14  Probe  
  25  2:26  Probe  
  28  2:33  Twilight Council  
  28  2:39  Probe  
  28  2:42  Stalker  
  31  2:45  Probe  
  31  2:51  Probe  
  33  2:55  Probe  
  33  3:03  Probe  
  33  3:04  Robotics Facility  
  35  3:16  Probe, Gateway  
  37  3:22  Resonating Glaives  
  37  3:23  Gateway  
  37  3:27  Probe  
  37  3:30  Probe  
  38  3:39  Probe  
  39  3:42  Probe  
  39  3:44  Gateway  
  39  3:48  Gateway  
  40  3:49  Warp Prism  
  41  3:56  Adept  
  41  3:58  Probe  
  45  4:04  Pylon  
  45  4:08  Assimilator  
  45  4:13  Pylon  
  46  4:23  Adept x2  
  46  4:24  Adept  
  52  4:27  Pylon  
  52  4:29  Probe  
  52  4:45  Adept, Pylon  
  52  4:46  Adept x4  
  52  4:51  Adept x5  
  62  4:57  Probe  
  62  4:59  Pylon  
  63  5:11  Adept x5  
  73  5:27  Probe  
  73  5:28  Probe  
  75  5:35  Adept x2  
  75  5:36  Adept  
  75  5:41  Adept x2  
  85  5:44  Nexus  
  85  5:50  Pylon  
  85  5:51  Immortal  
  81  6:02  Probe  
  86  6:04  Pylon  
  86  6:05  Assimilator  
  86  6:08  Probe  
  87  6:12  Forge, Probe  
  88  6:18  Probe, Pylon  
  88  6:21  Dark Shrine  
  88  6:22  Probe  
  89  6:26  Probe  
  89  6:30  Probe  
  89  6:31  Observer  
  91  6:37  Probe  
  94  6:43  Sentry x2, Gateway  
  94  6:44  Probe  
  99  6:49  Probe  
  99  6:52  Immortal  
  100  6:56  Probe  
  100  6:58  Shield Battery  
  101  7:02  Probe  
  106  7:08  Probe  
  106  7:11  Probe  
  106  7:14  Probe  
  103  7:23  Immortal  
  103  7:25  Stalker  
  103  7:26  Stalker x2, Sentry  
  109  7:34  Sentry  
  109  7:36  Probe, Shield Battery  
  116  7:43  Shield Battery  
  114  7:50  Stalker x4  
  114  7:53  Probe, Pylon  
  115  7:59  Probe  
  115  8:01  Dark Templar  
  115  8:03  Adept  
  120  8:07  Shield Battery  
  120  8:08  Shield Battery  
Show
View Real Time Build Order
Export as new Build Order

TLO Zerg 

Build Orders: Hatch First 

Get SALT Encoding   

  12  0:00  Drone  
  13  0:12  Overlord  
  13  0:17  Drone  
  14  0:30  Drone  
  14  0:31  Drone  
  16  0:38  Drone  
  17  0:47  Drone  
  18  0:55  Hatchery  
  17  0:59  Drone  
  18  1:06  Extractor  
  17  1:14  Spawning Pool  
  17  1:18  Drone  
  17  1:20  Drone  
  18  1:28  Drone  
  19  1:51  Overlord  
  19  2:01  Queen, Zergling x2  
  21  2:05  Metabolic Boost  
  21  2:07  Queen  
  21  2:08  Zergling x2  
  25  2:09  Zergling x2  
  25  2:12  Zergling x2  
  27  2:19  Drone  
  27  2:21  Drone  
  29  2:29  Drone  
  30  2:32  Drone  
  31  2:45  Hatchery  
  31  2:49  Zergling x4  
  32  2:57  Overlord  
  32  3:03  Overlord  
  32  3:04  Zergling x2  
  33  3:10  Overlord  
  33  3:11  Drone  
  34  3:13  Drone  
  34  3:17  Drone  
  35  3:20  Drone  
  35  3:22  Drone  
  35  3:24  Drone  
  38  3:28  Drone  
  38  3:31  Drone  
  38  3:32  Drone  
  41  3:35  Drone  
  41  3:40  Drone  
  43  3:43  Drone  
  43  3:47  Queen  
  46  3:53  Drone x2  
  48  3:57  Lair  
  48  4:00  Drone x2  
  50  4:04  Drone  
  50  4:08  Roach Warren  
  50  4:09  Drone  
  51  4:11  Drone  
  52  4:19  Drone  
  52  4:20  Overlord  
  52  4:21  Drone  
  52  4:23  Drone  
  52  4:24  Extractor, Drone  
  54  4:25  Drone x2  
  54  4:26  Drone  
  54  4:28  Drone  
  54  4:29  Drone  
  54  4:31  Drone  
  61  4:36  Extractor  
  60  4:39  Spore Crawler x2  
  60  4:41  Spore Crawler  
  60  4:44  Drone  
  58  4:48  Roach x3  
  58  4:50  Roach  
  65  4:53  Roach  
  65  4:58  Roach  
  65  4:59  Roach  
  73  5:02  Overlord x2, Spine Crawler  
  73  5:04  Overlord  
  73  5:08  Overlord  
  73  5:11  Roach  
  73  5:20  Overlord  
  72  5:21  Roach  
  72  5:26  Roach  
  76  5:29  Roach  
  76  5:35  Roach  
  77  5:40  Roach  
  79  5:44  Roach  
  79  5:45  Zergling x4  
  79  5:47  Zergling x2  
  84  5:52  Baneling Nest  
  84  5:57  Extractor, Zergling x4  
  85  5:58  Extractor, Zergling x2  
  81  6:06  Overseer  
  81  6:07  Pneumatized Carapace  
  81  6:08  Roach Warren  
  81  6:10  Drone x2  
  82  6:30  Overlord  
  82  6:37  Baneling x10  
  82  6:41  Zergling x14  
  89  6:48  Glial Reconstitution  
  89  6:51  Roach x2  
  89  6:54  Roach  
  95  6:56  Roach  
  95  6:59  Roach  
  98  7:02  Roach  
  98  7:05  Roach  
  100  7:11  Roach  
  100  7:14  Roach x2  
  106  7:19  Roach  
  104  7:23  Roach  
  104  7:28  Roach  
  104  7:29  Roach  
  110  7:32  Roach  
  107  7:47  Roach  
  107  7:48  Overlord  
  106  7:52  Overlord  
  106  8:01  Ravager x2  
  108  8:06  Hatchery  
Tags
 
Add a new tag
Caveats
  • Supply blocks, unpowered buildings, or Contaminate may cause inaccurate times.
  • Supply counts are checked every 10 seconds.